 Dungeon Crawl Stone Soup version 0.31.0-10-gcf4a605ca0 (webtiles) character file.

Game seed: 15295414973742662417

3278 Turgor the Fighter (level 10, -1/126 (127) HPs)
             Began as a Gnoll Wanderer on Jan 25, 2024.
             Was a Follower of Ashenzari.
             Slain by an orc warrior
             ... wielding a +0 long sword of electrocution
              (2 damage)
             ... on level 7 of the Dungeon.
             The game lasted 00:35:20 (7275 turns).

Turgor the Fighter (Gnoll Wanderer)                 Turns: 7275, Time: 00:35:20

HP:   -1/126 (127)  AC: 29    Str: 11    XL:     10   Next: 0%
MP:   18/18         EV:  2    Int: 17    God:    Ashenzari [*.....]
Gold: 314           SH:  5    Dex: 11    Spells: 16/20 levels left

rFire   . . .        a - +3 spear
rCold   . . .        v - +0 buckler
rNeg    . . .        O - melded +2 ring mail "Revealing Elitism" {rPois, Elem, Cun} (curse)
rPois   +            (helmet currently unavailable)
rElec   .            j - melded +0 cloak
rCorr   .            l - melded +0 pair of gloves
SInv    .            (boots currently unavailable)
Will    +....        k - amulet of Supernal Wisdom {Acrobat, Bglg, Cun} (curse)
Stlth   +++          C - +4 ring of protection
HPRegen 0.41/turn    d - ring of willpower
MPRegen 0.16/turn

%: acrobat
@: tree-form, lightly drained
A: stationary, stasis, torment immunity, boosted hp, (fangs 1), strong nose,
distributed training
a: Renounce Religion, Shatter the Chains


You were on level 7 of the Dungeon.
You worshipped Ashenzari.
Ashenzari was aware of your devotion.
You were a tree.
You visited 2 branches of the dungeon, and saw 8 of its levels.

You collected 314 gold pieces.

Inventory:

Hand Weapons
 a - a +3 spear (weapon)
 c - a +4 falchion of freezing
 p - a +2 dagger of draining
 q - a +3 dagger of venom
 u - a +0 broad axe
 H - a +2 longbow of freezing
Missiles
 f - 2 boomerangs (quivered)
 n - 7 poisoned darts
 r - 44 stones
Armour
 j - a +0 cloak (melded)
 l - a +0 pair of gloves (melded)
 v - a +0 buckler (worn)
 J - a +2 kite shield
 O - the cursed +2 ring mail "Revealing Elitism" (melded) {rPois, Elem, Cun}
   (You took it off an orc on level 6 of the Dungeon)

   It has a curse which improves the following skills: Elements: Fire Magic, Ice
   Magic, Air Magic and Earth Magic.
   Cunning:   Dodging and Stealth.
Magical Staves
 L - a staff of fire
Jewellery
 d - a ring of willpower (right branch)
 i - a ring of poison resistance
 k - the cursed amulet of Supernal Wisdom (around neck) {Acrobat, Bglg, Cun}
   (You found it on level 1 of the Dungeon)

   [amulet of the acrobat]

   Acrobat:   It increases your evasion while moving and waiting.
   It has a curse which improves the following skills: Beguiling: Hexes and
   Translocations.
   Cunning:   Dodging and Stealth.
 C - a +4 ring of protection (left branch)
Talismans
 h - a storm talisman
 G - a flux talisman
Wands
 Q - a wand of polymorph (16)
Scrolls
 b - a scroll of blinking
 o - 2 scrolls of amnesia
 s - a scroll of identify
 t - 2 scrolls of enchant weapon
 w - a scroll of fog
 y - 2 scrolls of immolation
 B - a scroll of teleportation
 D - 2 scrolls of vulnerability
 E - a scroll of enchant armour
 I - 3 scrolls of fear
 M - a scroll of revelation
 N - a scroll of silence
 P - a scroll of acquirement
Potions
 e - a potion of brilliance
 g - a potion of haste
 m - 2 potions of enlightenment
 x - a potion of curing
 z - a potion of lignification
 A - a potion of mutation
 F - a potion of resistance
 K - a potion of attraction


   Skills:
 + Level 9.9 Fighting
 + Level 5.0 Short Blades
 + Level 5.0 Long Blades
 + Level 5.0 Axes
 + Level 5.0 Maces & Flails
 + Level 6.8 Polearms
 + Level 5.0 Staves
 + Level 5.0 Ranged Weapons
 + Level 5.0 Throwing
 + Level 5.0 Armour
 + Level 5.6(6.4) Dodging
 + Level 5.5(6.3) Stealth
 + Level 5.0 Shields
 + Level 5.0 Unarmed Combat
 + Level 5.8 Spellcasting
 + Level 4.1 Conjurations
 + Level 4.1(4.8) Hexes
 + Level 4.7 Summonings
 + Level 4.1 Necromancy
 + Level 4.1(4.8) Translocations
 + Level 4.1 Fire Magic
 + Level 4.1 Ice Magic
 + Level 4.1 Air Magic
 + Level 4.1 Earth Magic
 + Level 4.1 Alchemy
 + Level 5.4 Invocations
 + Level 5.0 Evocations
 + Level 4.5 Shapeshifting


You had 16 spell levels left.
You knew the following spells:

 Your Spells              Type           Power      Damage    Failure   Level
a - Summon Small Mammal   Summ           80%        N/A       2%          1
b - Call Canine Familiar  Summ           20%        N/A       8%          3

Your spell library contained the following spells:

 Spells                   Type           Power      Damage    Failure   Level
 Cigotuvi's Dreadful Rot  Necr/Alch/Air  36%        N/A       4%          2
 Frozen Ramparts          Ice            36%        1d6       10%         3
 Martyr's Knell           Necr/Summ      19%        N/A       28%         4
 Dispel Undead            Necr           18%        3d11      32%         4
 Leda's Liquefaction      Alch/Erth      9%         N/A       32%         4
 Petrify                  Alch/Erth      18%        N/A       32%         4
 Metabolic Englaciation   Hex/Ice        10%        N/A       61%         5
 Death Channel            Necr           9%         N/A       99%         6


Dungeon Overview and Level Annotations

Branches:
Dungeon (7/15)             Temple (1/1) D:5

Altars:
Ashenzari
Cheibriados
Dithmenos
Fedhas
Gozag
Hepliaklqana
Kikubaaqudgha
Makhleb
Nemelex Xobeh
Okawaru
Qazlal
Ru
Sif Muna
Trog
Uskayaw
Vehumet
Wu Jian
Xom
Yredelemnul
Zin
The Shining One


Innate Abilities, Weirdness & Mutations

You are a tree.
Your roots penetrate the ground, keeping you stationary.
You cannot be teleported.
You are immune to unholy pain and torment.
Your maximum health is greatly increased.
Your equipment is partially melded.
((You have very sharp teeth.))
Your uncanny sense of smell can sniff out nearby items.
Your experience applies equally to all skills.


Message History

The bullfrog hits you but does no damage.
Unknown command.
Unknown command.
You hit the orc warrior but do no damage.
The orc warrior is lightly wounded.
You block the orc warrior's attack.
The bullfrog hits you but does no damage.
You hit the orc warrior.
The orc warrior is moderately wounded.
The orc warrior hits you but does no damage.
The bullfrog hits you but does no damage.
You hit the orc warrior but do no damage.
The orc warrior is moderately wounded.
The bullfrog completely misses you.
The orc warrior hits you but does no damage.
You hit the orc warrior.
The orc warrior is moderately wounded.
The bullfrog hits you but does no damage.
The orc warrior barely misses you.
You barely miss the orc warrior.
The orc warrior is moderately wounded.
The bullfrog hits you but does no damage. x2
Okay, then.
Okay, then.
Unknown command.
You barely miss the orc warrior.
The orc warrior is moderately wounded.
The orc warrior hits you but does no damage.
The bullfrog hits you.
* * * LOW HITPOINT WARNING * * *
You barely miss the orc warrior.
The orc warrior is moderately wounded.
The bullfrog hits you but does no damage.
The orc warrior hits you with a +0 long sword of electrocution!
* * * LOW HITPOINT WARNING * * *
You hit the orc warrior but do no damage.
The orc warrior is moderately wounded.
The bullfrog hits you but does no damage.
The orc warrior hits you with a +0 long sword of electrocution.
You die...

#....##.....#.....
#....#..#####.....
#....#............
#....#..........##
#....#÷........##
#.............##
#....#.......##
#.F..#.......#
>#####♣o)........##
........)........##
..#######.##.....#
#........#
#...........#
...............#
........⌠(......
......#.........
......##....P...


You could see an orc warrior and a bullfrog.

Vanquished Creatures
  Joseph (D:7)
  Grinder (D:4)
  Sigmund (D:5)
  Menkaure (D:7)
  3 water moccasins
  An ice beast (D:6)
  2 black bears (D:7)
  A sky beast (D:6)
  2 ogres
  A centaur (D:4)
  2 phantoms
  8 scorpions
  5 wights
  A centaur zombie (D:7)
  A quasit (D:5)
  2 hounds
  5 iguanas
  An orc priest (D:3)
  4 sleepcaps
  Natasha (thrice) (D:2)
  7 adders
  3 shadow imps
  4 white imps
  An ufetubus (D:5)
  3 dart slugs
  15 orcs
  3 ball pythons
  3 giant cockroaches
  6 goblins
  5 hobgoblins
  9 jackals
  8 kobolds
  6 quokkas
  2 bats
  3 frilled lizards (D:1)
  2 rats (D:1)
126 creatures vanquished.

Vanquished Creatures (collateral kills)
  A nameless horror (D:5)
  A shadow imp (D:5)
  An endoplasm (D:1)
3 creatures vanquished.

Grand Total: 129 creatures vanquished

Notes
Turn   | Place    | Note
-------+----------+-------------------------------------------
     0 | D:1      | Turgor the Gnoll Wanderer began the quest for the Orb.
     0 | D:1      | Turgor set off with the following items: a +3 spear, a
                  | scroll of blinking, a +0 robe; and the following spell
                  | memorised: Summon Small Mammal; and the following spells
                  | available to memorise: Call Canine Familiar.
     0 | D:1      | Reached XP level 1. HP: 26/26 MP: 4/4
   193 | D:1      | Reached XP level 2. HP: 31/33 MP: 5/5
   421 | D:1      | Reached XP level 3. HP: 38/38 MP: 7/7
   942 | D:2      | Reached skill level 1 in Invocations
  1295 | D:2      | Reached skill level 1 in Short Blades
  1295 | D:2      | Reached skill level 1 in Long Blades
  1295 | D:2      | Reached skill level 1 in Axes
  1295 | D:2      | Reached skill level 1 in Maces & Flails
  1295 | D:2      | Reached skill level 1 in Staves
  1295 | D:2      | Reached skill level 1 in Ranged Weapons
  1295 | D:2      | Reached skill level 1 in Throwing
  1295 | D:2      | Reached skill level 1 in Armour
  1295 | D:2      | Reached skill level 1 in Shields
  1295 | D:2      | Reached skill level 1 in Unarmed Combat
  1295 | D:2      | Reached skill level 1 in Evocations
  1579 | D:2      | Noticed Natasha
  1750 | D:3      | Reached skill level 1 in Shapeshifting
  1750 | D:3      | Reached XP level 4. HP: 45/45 MP: 8/8
  2240 | D:3      | Reached skill level 1 in Conjurations
  2240 | D:3      | Reached skill level 1 in Hexes
  2240 | D:3      | Reached skill level 1 in Necromancy
  2240 | D:3      | Reached skill level 1 in Translocations
  2240 | D:3      | Reached skill level 1 in Fire Magic
  2240 | D:3      | Reached skill level 1 in Ice Magic
  2240 | D:3      | Reached skill level 1 in Air Magic
  2240 | D:3      | Reached skill level 1 in Earth Magic
  2240 | D:3      | Reached skill level 1 in Alchemy
  2490 | D:4      | Reached XP level 5. HP: 32/51 MP: 9/9
  2668 | D:4      | Noticed an ogre
  2745 | D:4      | Noticed a centaur
  2749 | D:4      | Noticed Grinder
  2760 | D:4      | Killed a centaur
  2761 | D:4      | Reached XP level 6. HP: 42/57 MP: 9/11
  2771 | D:4      | Reached skill level 5 in Polearms
  3360 | D:4      | Reached XP level 7. HP: 63/63 MP: 12/12
  3421 | D:4      | Killed Grinder
  3422 | D:4      | Reached skill level 9 in Fighting
  3426 | D:4      | Learned a level 3 spell: Call Canine Familiar
  3492 | D:5      | Entered Level 5 of the Dungeon
  3534 | D:5      | Noticed Sigmund
  3638 | D:5      | Reached XP level 8. HP: 67/71 MP: 14/14
  3641 | D:5      | Noticed a nameless horror
  3647 | D:5      | Killed a nameless horror
  3930 | D:5      | Found a staircase to the Ecumenical Temple.
  3939 | Temple   | Entered the Ecumenical Temple
  3981 | Temple   | Became a worshipper of Ashenzari the Shackled
  4707 | D:2      | Killed Natasha
  4797 | D:2      | Noticed Natasha
  4806 | D:2      | Killed Natasha
  5005 | D:2      | Noticed Natasha
  5014 | D:2      | Killed Natasha
  5098 | D:5      | Killed Sigmund
  5351 | D:6      | Reached XP level 9. HP: 77/77 MP: 16/16
  5438 | D:6      | Reached skill level 5 in Spellcasting
  5564 | D:6      | Found a stormy altar of Qazlal.
  5944 | D:6      | Found a hazy altar of Hepliaklqana.
  5944 | D:6      | Found a faded altar of an unknown god.
  5965 | D:6      | Found a radiant altar of Vehumet.
  5967 | D:6      | Found a shimmering blue altar of Sif Muna.
  5969 | D:6      | Found a faded altar of an unknown god.
  6194 | D:7      | Reached skill level 5 in Dodging
  6253 | D:7      | Noticed Joseph
  6446 | D:7      | Reached skill level 5 in Stealth
  6643 | D:7      | Killed Joseph
  6644 | D:7      | Reached skill level 5 in Invocations
  6808 | D:7      | Noticed Menkaure
  6821 | D:7      | Killed Menkaure
  7194 | D:7      | Reached * piety under Ashenzari
  7194 | D:7      | Identified a scroll of acquirement
  7257 | D:7      | Reached skill level 5 in Short Blades
  7257 | D:7      | Reached skill level 5 in Long Blades
  7257 | D:7      | Reached skill level 5 in Axes
  7257 | D:7      | Reached skill level 5 in Maces & Flails
  7257 | D:7      | Reached skill level 5 in Staves
  7257 | D:7      | Reached skill level 5 in Ranged Weapons
  7257 | D:7      | Reached skill level 5 in Throwing
  7257 | D:7      | Reached skill level 5 in Armour
  7257 | D:7      | Reached skill level 5 in Shields
  7257 | D:7      | Reached skill level 5 in Unarmed Combat
  7257 | D:7      | Reached skill level 5 in Evocations
  7257 | D:7      | Reached XP level 10. HP: 81/84 MP: 18/18
  7274 | D:7      | HP: 1/126 [orc warrior/+0 long sword of electrocution (8)]
  7275 | D:7      | Slain by an orc warrior

Illustrated notes

Levels and vault maps discovered:
D:1:      dpeg_arrival_line_fractal, layout_loops_ring, kennysheep_pointless_box
D:2:      layout_basic, uniq_natasha
D:3:      layout_loops_ring, dk_noncrumbling_2
D:4:      layout_loops_ring, uniq_grinder
D:5:      layout_rooms, minmay_temple_entry_statues_fountains, serial_demonic,
          serial_demonic_e, serial_demonic_c, serial_demonic_b,
          serial_demonic_b, serial_demonic_e, serial_demonic_e, uniq_sigmund
D:6:      layout_loops_corners, chequers_temple_overflow_minitemple,
          nicolae_qazlal_style_of_elements
D:7:      bobbens_index_wilting_gardens, layout_basic, uniq_joseph,
          uniq_menkaure
Temple:   minmay_crystal_spiral_temple

Skill      XL: |  1  2  3  4  5  6  7  8  9 |
---------------+----------------------------+-----
Summonings     | 2 3 4 |  4.7
Invocations    | 1 2 3 4 5 |  5.4
Short Blades   | 1 2 3 4 5 |  5.0
Long Blades    | 1 2 3 4 5 |  5.0
Axes           | 1 2 3 4 5 |  5.0
Maces & Flails | 1 2 3 4 5 |  5.0
Staves         | 1 2 3 4 5 |  5.0
Ranged Weapons | 1 2 3 4 5 |  5.0
Throwing       | 1 2 3 4 5 |  5.0
Armour         | 1 2 3 4 5 |  5.0
Shields        | 1 2 3 4 5 |  5.0
Unarmed Combat | 1 2 3 4 5 |  5.0
Evocations     | 1 2 3 4 5 |  5.0
Spellcasting   | 3 4 5 |  5.8
Shapeshifting  | 1 2 3 4 |  4.5
Conjurations   | 1 2 3 4 |  4.1
Hexes          | 1 2 3 4 |  4.1
Necromancy     | 1 2 3 4 |  4.1
Translocations | 1 2 3 4 |  4.1
Fire Magic     | 1 2 3 4 |  4.1
Ice Magic      | 1 2 3 4 |  4.1
Air Magic      | 1 2 3 4 |  4.1
Earth Magic    | 1 2 3 4 |  4.1
Alchemy        | 1 2 3 4 |  4.1
Dodging        | 3 4 5 |  5.6
Stealth        | 3 4 5 |  5.5
Polearms       | 5 6 |  6.8
Fighting       | 9 |  9.9

Action                     |  1- 3 |  4- 6 |  7- 9 | 10-12 || total
---------------------------+-------+-------+-------+-------++-------
  Melee: Spear             |   103 |   101 |   552 |    18 ||   774
         Bite              |     6 |     7 |    67 |     1 ||    81
         Punch             |     1 |       |       |       ||     1
  Throw: Dart              |       |     4 |    23 |       ||    27
         Boomerang         |       |       |     3 |       ||     3
         Stone             |       |       |     1 |       ||     1
   Cast: Summon Small Mamm |     5 |     3 |     5 |       ||    13
         Call Canine Famil |       |       |     2 |       ||     2
 Invoke: Curse Item        |       |       |     2 |       ||     2
  Evoke: Wand              |       |       |     4 |       ||     4
    Use: Scroll            |     3 |       |     7 |       ||    10
         Potion            |     2 |       |     1 |     1 ||     4
   Stab: Sleeping          |     6 |     4 |     1 |       ||    11
         Paralysed         |       |       |    17 |       ||    17
         Distracted        |       |       |     2 |       ||     2
 Armour: Robe              |    53 |    41 |    39 |       ||   133
         Scale mail        |       |       |    87 |       ||    87
         Ring mail         |       |       |   134 |     9 ||   143
         Skin              |       |       |       |    15 ||    15
  Dodge: Dodged            |    39 |    58 |   201 |     7 ||   305
  Block: Buckler           |     2 |    10 |    62 |     8 ||    82
